 Dungeon Crawl Stone Soup version 0.28.0-1-gb440e238dd (webtiles) character file.

Game seed: 8589288232529893937

35562 deadeyedave the Destroyer (level 13, -4/114 HPs)
             Began as a Green Draconian Fire Elementalist on Feb 15, 2022.
             Was a Priest of Vehumet.
             Slain by a white ugly thing (6 damage)
             ... in an ice cave on Feb 24, 2022.
             The game lasted 02:00:07 (28270 turns).

deadeyedave the Destroyer (DrFE)                   Turns: 28270, Time: 02:00:08

Health: -4/114     AC: 12    Str: 17    XL:     13   Next: 48%
Magic:  20/25      EV: 19    Int: 25    God:    Vehumet [***...]
Gold:   910        SH:  0    Dex: 18    Spells: 4/28 levels left

rFire   + + .      SeeInvis .   Y - +8 great mace of Compulsion {protect, rF+ rC++ Str+3}
rCold   + + +      Faith    +   (shield currently unavailable)
rNeg    . . .      Spirit   .   (armour unavailable)
rPois   +          Reflect  .   s - +2 hat
rElec   .          Harm     .   r - scarf {rC+ rF+}
rCorr   .          Rampage  .   W - +1 pair of gloves of Love and Death {rPois rC+ Str+2}
Will    .....                   (no boots)
Stlth   ++........              n - amulet of faith
HPRegen 0.29/turn               k - +6 ring of intelligence
MPRegen 0.19/turn               h - +6 ring of dexterity

@: studying Dodging
A: breathe noxious fumes, AC +8, unfitting armour, poison resistance,
cold-blooded
a: Breathe Noxious Fumes, Renounce Religion


You were in an ice cave.
You worshipped Vehumet.
Vehumet was most pleased with you.
You visited 3 branches of the dungeon, and saw 17 of its levels.
You also visited: Sewer, Ossuary and Ice Cave.

You collected 910 gold pieces.

Inventory:

Hand Weapons
 Y - the +8 great mace of Compulsion (weapon) {protect, rF+ rC++ Str+3}
   (You found it on level 1 of the Lair of Beasts)

   It grants its wielder temporary protection when it strikes (+7 to AC).
   Str:       It affects your strength (+3).
   rF:        It protects you from fire.
   rC:        It greatly protects you from cold.
Missiles
 F - 2 throwing nets
Armour
 r - a scarf of resistance (worn)
 s - a +2 hat (worn)
 L - a +0 hat of stealth
 W - the +1 pair of gloves of Love and Death (worn) {rPois rC+ Str+2}
   (You found it on level 10 of the Dungeon)

   Str:       It affects your strength (+2).
   rC:        It protects you from cold.
   rPois:     It protects you from poison.
Magical Staves
 t - a staff of air
 B - a staff of poison
 J - a staff of conjuration
Jewellery
 b - a +4 ring of protection
 d - a ring of protection from cold
 e - a +4 ring of evasion
 h - a +6 ring of dexterity (right hand)
 k - a +6 ring of intelligence (left hand)
 n - an amulet of faith (around neck)
 o - a ring of see invisible
 S - a ring of protection from cold
 U - a ring of ice
 V - a ring of flight
Wands
 H - a wand of flame (24)
 K - a wand of charming (11)
 Q - a wand of paralysis (8)
 T - a wand of iceblast (9)
 X - a wand of mindburst (7)
Scrolls
 c - a scroll of fear {unknown}
 f - 4 scrolls of teleportation
 g - 7 scrolls of amnesia
 q - a scroll of enchant armour
 z - 5 scrolls of fog
 E - a scroll of magic mapping
 O - 4 scrolls of enchant weapon
 P - 7 scrolls of identify
Potions
 a - 5 potions of curing
 i - 3 potions of mutation {unknown}
 j - a potion of lignification
 l - 4 potions of brilliance
 v - 2 potions of magic
 w - a potion of berserk rage {unknown}
 A - a potion of might {unknown}
 C - a potion of cancellation
 D - 2 potions of degeneration {unknown}
 G - 2 potions of flight {unknown}
 I - 2 potions of attraction {unknown}
 R - 3 potions of ambrosia


   Skills:
 + Level 10.6 Fighting
 + Level 11.8 Dodging
 - Level 1.9 Stealth
 - Level 8.0 Spellcasting
 * Level 12.0 Conjurations
 - Level 9.0 Fire Magic
 - Level 8.0 Air Magic
 - Level 6.0 Poison Magic


You had 4 spell levels left.
You knew the following spells:

 Your Spells              Type           Power      Damage    Failure   Level
a - Foxfire               Conj/Fire      100%       2x1d9     1%          1
b - Scorch                Fire           100%       2d10      1%          2
c - Poisonous Vapours     Pois/Air       90%        N/A       1%          2
d - Flame Wave            Conj/Fire      58%        2d11      1%          4
e - Shock                 Conj/Air       100%       1d9       1%          1
f - Mephitic Cloud        Conj/Pois/Air  52%        N/A       1%          3
g - Airstrike             Air            25%        N/A       1%          4
h - Iskenderun's Mystic   Conj/Tloc      40%        2d9       1%          4
i - Ignite Poison         Fire/Tmut/Pois 35%        N/A       1%          3

Your spell library contained the following spells:

 Spells                   Type           Power      Damage    Failure   Level
 Sticky Flame             Conj/Fire      58%        2d7       1%          4
 Magic Dart               Conj           100%       1d8       1%          1
 Sting                    Tmut/Pois      100%       1d8       1%          1
 Corpse Rot               Necr/Air       60%        N/A       1%          2
 Searing Ray              Conj           100%       2d8       1%          2
 Conjure Flame            Conj/Fire      58%        6-21      1%          3
 Inner Flame              Hex/Fire       32%        N/A       1%          3
 Swiftness                Air            50%        N/A       1%          3
 Fulminant Prism          Conj/Hex       20%        3d13      1%          4
 Olgreb's Toxic Radiance  Pois           40%        N/A       1%          4
 Ozocubu's Armour         Ice            10%        N/A       19%         3
 Cause Fear               Hex            5%         N/A       52%         4
 Dispel Undead            Necr           10%        3d9       52%         4
 Freezing Cloud           Conj/Ice/Air   21%        6-21      3%          5
 Lee's Rapid Deconstruct  Erth           5%         3d7*      38%         5
 Metabolic Englaciation   Hex/Ice        5%         N/A       86%         5
 Death Channel            Necr           5%         N/A       100%        6
 Simulacrum               Ice/Necr       5%         N/A       100%        6
 Dragon Form              Tmut           5%         N/A       100%        7
 Dragon's Call            Summ           5%         N/A       100%        9


Dungeon Overview and Level Annotations

Branches:
Dungeon (11/15)            Temple (1/1) D:7            Lair (5/6) D:11
  Swamp (0/4) Lair:4       Spider (0/4) Lair:2        Slime (0/5) Lair:5
  Sewer (visited)         Ossuary (visited)           IceCv (1/1)
    Orc: D:9-12

Altars:
Ashenzari
Cheibriados
Dithmenos
Elyvilon
Fedhas
Gozag
Hepliaklqana
Kikubaaqudgha
Makhleb
Nemelex Xobeh
Okawaru
Qazlal
Ru
Sif Muna
Trog
Uskayaw
Vehumet
Wu Jian
Xom
Yredelemnul
Zin
The Shining One

Shops:
D:3 :   D:4 (

Annotations:
D:4 Edmund
D:11 1 runed translucent door, PBDoughboyy's ghost, journeyman GnEE
Lair:4 Sonja IceCv 2 transporters, exclusion: 2 ice statues


Innate Abilities, Weirdness & Mutations

You can breathe blasts of noxious fumes.
Your lurid green scales are hard. (AC +8)
You cannot fit into any form of body armour.
Your system is resistant to poisons. (rPois)
You are cold-blooded and may be slowed by cold attacks.


Message History

The flame wave engulfs the white ugly thing!
The white ugly thing is moderately wounded. (Press . to intensify the flame waves.)
The white ugly thing claws you!
* * * LOW HITPOINT WARNING * * *
The white ugly thing freezes you. You resist.
* * * LOW HITPOINT WARNING * * *
A wave of flame ripples out!
The flame wave engulfs the elephant simulacrum.
The elephant simulacrum melts!
The elephant simulacrum is almost destroyed.
The flame wave engulfs the white ugly thing!
The white ugly thing is heavily wounded.
The elephant simulacrum barely misses you.
The elephant simulacrum trunk-slaps you but does no damage.
The white ugly thing closely misses you.
Unknown command.
A wave of flame ripples out!
The flame wave engulfs the elephant simulacrum!!
The elephant simulacrum melts!
The elephant simulacrum vaporises!
Vehumet accepts your kill.
You hear a sizzling sound!
The flame wave engulfs the white ugly thing!
The white ugly thing is severely wounded.
You finish channelling waves of flame.
The white ugly thing misses you.
Unknown command.
Casting: Flame Wave (safe; 1% risk of failure)
Confirm with . or Enter, or press ? or * to list all spells.
Flames lash the white ugly thing.
The white ugly thing is severely wounded.
The white ugly thing's fire resistance burns away.
The white ugly thing claws you.
* * * LOW HITPOINT WARNING * * *
The white ugly thing freezes you. You resist.
* * * LOW HITPOINT WARNING * * *
The white ugly thing claws you!
* * * LOW HITPOINT WARNING * * *
The white ugly thing freezes you. You resist.
You die...

##### ### ####...###
#.∩# ##........##
#8..#
##..........##8...#
##...........#8...8#
#.......8..[.#.....#
#.........$.8#...$/#
#.∩.∩....([u@#u..))#
#Z........!.8#...((#
#.......8..?.#.....#
##...........#8...8#
##..........##8...#
##........## #8..#
####...### #.©#
##### ###


You could see 2 ice statues and 2 ugly things.

Vanquished Creatures
  Snorg (Lair:3)
  A hydra (Lair:2)
  A boulder beetle (D:10)
  2 centaur warriors (D:9)
  A two-headed ogre (D:9)
  Urug (D:10)
  Nergalle (Lair:1)
  A shadow wraith (D:11)
  A skeletal warrior (D:11)
  An orb spider (Lair:2)
  A lindwurm (Lair:5)
  2 ugly things
  3 manticores
  12 elephants
  A black mamba (Lair:3)
  An unseen horror (D:10)
  A gargoyle (D:10)
  10 cane toads
  A yaktaur (D:11)
  A kobold demonologist (D:11)
  8 komodo dragons
  6 trolls
  A hornet (D:8)
  A polar bear (Lair:2)
  8 blink frogs
  A shadow (D:11)
  17 yaks
  A water elemental (D:11)
  5 wyverns
  2 basilisks (Lair:2)
  Grum (D:10)
  3 vampire mosquitoes (D:11)
  A human (shapeshifter) (D:9)
  A steam dragon (D:10)
  A warg (Lair:2)
  8 water moccasins
  4 orc warriors
  3 necrophages
  10 centaurs
  2 ice beasts
  3 ogres
  32 wolves
  2 phantoms (D:5)
  2 kobold brigands (D:11)
  10 bullfrogs
  3 scorpions
  A cane toad simulacrum (IceCv)
  7 water moccasin zombies (Ossuary)
  A water moccasin skeleton (D:6)
  An elephant simulacrum (IceCv)
  7 killer bees
  3 wights (D:6)
  4 howler monkeys
  2 electric eels (D:11)
  2 centaur zombies
  2 jellies (D:5)
  4 orc priests
  2 centaur skeletons
  5 hounds
  Jessica (D:3)
  A bullfrog skeleton (D:6)
  2 iguanas (D:8)
  14 orc wizards
  A scorpion zombie (D:5)
  2 wolf simulacra (IceCv)
  A killer bee zombie (D:6)
  A hound skeleton (D:4)
  2 mummies (Ossuary)
  A howler monkey zombie (D:6)
  5 gnolls
  10 adders
  A river rat (Sewer)
  3 white imps
  2 ufetubi (D:6)
  4 adder zombies (Ossuary)
  A worm (D:2)
  2 dart slugs (D:1)
  24 orcs
  3 bats (D:2)
  3 endoplasms
  5 giant cockroaches
  6 gnoll zombies (Ossuary)
  3 goblins
  3 hobgoblins
  7 quokkas
  7 ball pythons
  5 frilled lizards
  3 hobgoblin zombies (Ossuary)
  5 kobolds
  6 kobold zombies (Ossuary)
  An orc zombie (Ossuary)
  15 rats
  A foxfire (Lair:3)
372 creatures vanquished.

Vanquished Creatures (collateral kills)
  12 foxfires
12 creatures vanquished.

Vanquished Creatures (others)
  897 foxfires
  17 fungi
  29 plants
943 creatures vanquished.

Grand Total: 1327 creatures vanquished

Notes
Turn   | Place    | Note
-------+----------+-------------------------------------------
     0 | D:1      | deadeyedave the Draconian Fire Elementalist began the quest
                  | for the Orb.
     0 | D:1      | Reached XP level 1. HP: 14/14 MP: 3/3
    75 | D:1      | Found a faded altar of an unknown god.
   242 | D:1      | Reached XP level 2. HP: 20/20 MP: 0/5
  1885 | D:2      | Reached XP level 3. HP: 26/26 MP: 2/6
  2775 | D:3      | Noticed Jessica
  2787 | D:3      | Killed Jessica
  2788 | D:3      | Reached skill level 1 in Fighting
  2788 | D:3      | Reached XP level 4. HP: 35/35 MP: 2/7
  2915 | D:3      | Noticed an ice beast
  2928 | D:3      | Killed an ice beast
  2929 | D:3      | Reached XP level 5. HP: 10/40 MP: 3/9
  3040 | D:3      | Found Menoafeav's Book Emporium.
  3260 | D:3      | Found a glowing drain.
  3340 | Sewer    | Entered a sewer
  3398 | Sewer    | Reached skill level 2 in Conjurations
  3937 | D:3      | Reached XP level 6. HP: 48/48 MP: 2/10
  4220 | D:4      | Found Laaphed's Weapon Boutique.
  4371 | D:4      | Reached skill level 5 in Fire Magic
  4580 | D:4      | Learned a level 2 spell: Scorch
  4877 | D:4      | Found a basalt altar of Yredelemnul.
  5627 | D:4      | Noticed Edmund
  5739 | D:5      | Entered Level 5 of the Dungeon
  5760 | D:5      | Found a sand-covered staircase.
  5765 | Ossuary  | Entered an ossuary
  5839 | Ossuary  | Your scales start taking on a lurid green colour.
  5839 | Ossuary  | Reached XP level 7. HP: 45/56 MP: 1/12
  5839 | Ossuary  | Gained mutation: Your system is resistant to poisons.
                  | (rPois) [Green Draconian growth]
  6130 | Ossuary  | Reached skill level 3 in Conjurations
  6553 | Ossuary  | Learned a level 2 spell: Poisonous Vapours
  6558 | Ossuary  | Learned a level 4 spell: Flame Wave
  6581 | D:5      | Reached XP level 8. HP: 66/66 MP: 9/13
  6881 | D:5      | Reached skill level 1 in Poison Magic
  6936 | D:5      | Found a burning altar of Makhleb.
  6968 | D:5      | Learned a level 1 spell: Shock
  7655 | D:5      | Reached skill level 1 in Air Magic
  7742 | D:5      | Found a white marble altar of Elyvilon.
  8295 | D:6      | Reached skill level 4 in Conjurations
  8451 | D:6      | Noticed a manticore
  8952 | D:6      | Found a broken altar of Ashenzari.
  9004 | D:6      | Reached XP level 9. HP: 72/72 MP: 10/15
  9554 | D:7      | Reached skill level 5 in Fighting
 10046 | D:7      | Found a staircase to the Ecumenical Temple.
 10061 | Temple   | Entered the Ecumenical Temple
 10163 | D:7      | Reached skill level 5 in Spellcasting
 10252 | D:7      | Learned a level 3 spell: Mephitic Cloud
 10257 | D:7      | Learned a level 4 spell: Airstrike
 11006 | D:8      | Found a bloodstained altar of Trog.
 11014 | D:8      | Reached skill level 5 in Dodging
 11014 | D:8      | Reached skill level 5 in Conjurations
 11846 | D:9      | Noticed a manticore
 11855 | D:10     | Entered Level 10 of the Dungeon
 12053 | D:9      | Killed a manticore
 12054 | D:9      | Reached skill level 5 in Poison Magic
 12054 | D:9      | Reached XP level 10. HP: 83/83 MP: 6/18
 12383 | D:9      | Noticed a centaur warrior
 13140 | D:9      | Noticed a centaur warrior
 13160 | D:9      | Killed a centaur warrior
 13161 | D:9      | Reached skill level 6 in Conjurations
 13516 | D:9      | Noticed a two-headed ogre
 13528 | D:9      | Killed a two-headed ogre
 13529 | D:9      | Reached skill level 5 in Air Magic
 13982 | D:9      | Noticed a white ugly thing
 14268 | D:10     | Identified the +1 pair of gloves of Love and Death {rPois
                  | rC+ Str+2}
 14430 | D:9      | Upgraded the game from 0.28.0 to 0.28.0-1-gb440e238dd
 14517 | D:10     | Noticed Grum
 14524 | D:10     | Reached XP level 11. HP: 86/92 MP: 12/20
 14524 | D:10     | Killed Grum
 14676 | D:10     | Found a radiant altar of Vehumet.
 14680 | D:10     | Became a worshipper of Vehumet
 14695 | D:10     | Found an opulent altar of Gozag.
 14729 | D:10     | Found an ornate altar of the Wu Jian Council.
 14848 | D:10     | Noticed Urug
 15029 | D:10     | Learned a level 4 spell: Iskenderun's Mystic Blast
 15516 | D:11     | Noticed a shadow wraith
 15527 | D:11     | Killed a shadow wraith
 15708 | D:11     | Reached skill level 7 in Conjurations
 15717 | D:11     | HP: 3/92 [water elemental (13)]
 15727 | D:11     | HP: 3/92 [troll (4)]
 15734 | D:11     | HP: 3/92 [troll (7)]
 17236 | D:9      | HP: 2/92 [centaur warrior/arrow (11)]
 17239 | D:9      | Killed a centaur warrior
 17641 | D:9      | Killed a white ugly thing
 17825 | D:11     | Noticed a boulder beetle
 18265 | D:10     | Killed Urug
 18384 | D:10     | Killed a boulder beetle
 18632 | D:11     | Reached skill level 8 in Conjurations
 18632 | D:11     | Noticed a green ugly thing
 18657 | D:11     | Killed a green ugly thing
 19331 | D:11     | Noticed a skeletal warrior
 20374 | D:11     | Found a staircase to the Lair.
 20664 | D:11     | Reached XP level 12. HP: 55/103 MP: 2/23
 21012 | D:11     | Found a runed translucent door.
 21012 | D:11     | Noticed PBDoughboyy's ghost (journeyman GnEE)
 21012 | D:11     | Found the amulet of the Four Winds {rN+ Will+++ Clar}
 21017 | D:11     | Learned a level 3 spell: Ignite Poison
 21125 | Lair:1   | Entered Level 1 of the Lair of Beasts
 21135 | Lair:1   | Identified the +8 great mace of Compulsion {protect, rF+
                  | rC++ Str+3}
 21159 | Lair:1   | Reached skill level 9 in Conjurations
 21196 | Lair:1   | Reached * piety under Vehumet
 21196 | Lair:1   | Offered knowledge of Freeze by Vehumet.
 22259 | Lair:2   | Found a hole to the Spider Nest.
 22603 | Lair:2   | Noticed a four-headed hydra
 22729 | Lair:2   | Killed a four-headed hydra
 23048 | Lair:2   | Identified the +6 spear of the Old World {flame, rPois}
 23202 | Lair:2   | Reached skill level 10 in Dodging
 23205 | Lair:2   | Reached skill level 10 in Conjurations
 23674 | Lair:2   | Found a sparkling altar of Nemelex Xobeh.
 23680 | Lair:2   | Reached ** piety under Vehumet
 23680 | Lair:2   | Offered knowledge of Static Discharge by Vehumet.
 23899 | Lair:3   | Noticed Nergalle
 24315 | Lair:1   | Killed Nergalle
 24453 | Lair:3   | Noticed Snorg
 24789 | Lair:3   | Killed Snorg
 25494 | Lair:3   | Reached XP level 13. HP: 113/113 MP: 17/25
 25504 | Lair:3   | Reached skill level 11 in Conjurations
 26032 | Lair:3   | Offered knowledge of Dazzling Flash by Vehumet.
 26467 | Lair:4   | Reached skill level 10 in Fighting
 27016 | Lair:4   | Found a staircase to the Swamp.
 27170 | Lair:4   | Reached *** piety under Vehumet
 27708 | Lair:4   | Noticed Sonja
 28174 | Lair:5   | Found a frozen archway.
 28178 | Lair:5   | Offered knowledge of Sticky Flame by Vehumet.
 28197 | Lair:5   | Reached skill level 12 in Conjurations
 28254 | IceCv    | Entered an ice cave
 28259 | IceCv    | Found a transporter.
 28260 | IceCv    | Found a transporter.
 28270 | IceCv    | HP: 2/114 [white ugly thing (10)]
 28270 | IceCv    | Slain by a white ugly thing

Illustrated notes

Levels and vault maps discovered:
D:1:      onia_arrival_mini_spirals, layout_basic, basic_ecumenical_altar
D:2:      layout_basic, minmay_diced_spiral
D:3:      layout_basic, portal_sewer_entry_f, serial_shops, shop_fountains,
          uniq_jessica
D:4:      layout_layer_cave, yredelemnul_altar_generic, serial_shops,
          nicolae_shop_bloodbath_and_beyond, uniq_edmund
D:5:      layout_layer_cave, elyvilon_altar_1, general_overflow_altar,
          nicolae_ossuary_entry_plus, palyth_stone_intersect,
          grunt_ministairs_14, supply_closet_lemuel,
          chequers_serial_rivers_marsh
D:6:      hangedman_cross_stitches, layout_gridville, lemuel_round_altar,
          kennysheep_generic_room_6
D:7:      layout_loops_ring, temple_fountains
D:8:      layout_loops_corners, trog_butcher_becter, minmay_manual_mares
D:9:      layout_loops_corners, minmay_shattered_shrine
D:10:     layout_roguey, nzn_wu_jian_council_hall,
          mainiacjoe_overflow_big_doors, serial_curves, eino_curves_03,
          eino_curves_01, uniq_urug, uniq_grum
D:11:     layout_basic, erik_lair_island, gammafunk_ghost_grave,
          gauntlet_entry_generic, kb_rosetta
Temple:   eino_temple_lava
Lair:1:   layout_cave_pods
Lair:2:   beast_lair_carwin_large_2, layout_long_grid,
          nicolae_spider_entry_orb_guardian, lemuel_centaur_altar
Lair:3:   layout_small_grid, uniq_snorg, uniq_nergalle
Lair:4:   layout_cave_pods, swamp_mist, uniq_sonja
Lair:5:   layout_hall_layers, slime_altar_2, portal_ice_cave_entry_pillars_2,
          special_room [special_room_mythical_zoo], serial_bayou_shore_a
IceCv:    ice_cave_statue_garden_transporter

Skill      XL: |  1  2  3  4  5  6  7  8  9 10 11 12 13 |
---------------+----------------------------------------+-----
Dodging        | 2 3 4 5 7 9 10 11 | 11.8
Fighting       | 1 2 3 4 5 7 8 9 10 | 10.6
Fire Magic     | 4 5 6 7 8 9 |  9.0
Conjurations   | 2 3 4 5 6 8 10 12 | 12.0
Spellcasting   | 3 4 5 6 7 8 |  8.0
Poison Magic   | 3 5 6 |  6.0
Air Magic      | 2 3 5 6 7 8 |  8.0
Stealth        | |  1.9

Action                   |  1- 3 |  4- 6 |  7- 9 | 10-12 | 13-15 || total
-------------------------+-------+-------+-------+-------+-------++-------
Melee: Whip              |     6 |     9 |     9 |       |       ||    24
       Tailslap          |       |     2 |     4 |    14 |     4 ||    24
       Punch             |       |       |     1 |       |       ||     1
       Hand axe          |       |       |     3 |    25 |       ||    28
       Great mace        |       |       |       |    50 |    32 ||    82
       Staff             |       |       |       |     2 |       ||     2
 Cast: Foxfire           |    78 |   114 |   141 |   183 |     7 ||   523
       Scorch            |       |     6 |    58 |   139 |    16 ||   219
       Shock             |       |       |    94 |   163 |    37 ||   294
       Airstrike         |       |       |     1 |     6 |     7 ||    14
       Poisonous Vapours |       |       |       |    29 |     8 ||    37
       Mephitic Cloud    |       |       |       |    10 |     3 ||    13
       Flame Wave        |       |       |       |    27 |    17 ||    44
       Iskenderun's Myst |       |       |       |     9 |     3 ||    12
       Ignite Poison     |       |       |       |       |     1 ||     1
 Abil: Breathe Noxious F |       |       |     8 |    44 |     7 ||    59
Evoke: Wand              |       |       |       |     2 |     2 ||     4
  Use: Scroll            |       |     8 |     5 |    12 |     3 ||    28
       Potion            |       |     1 |     4 |     7 |     4 ||    16
 Stab: Sleeping          |     1 |     2 |       |       |       ||     3
       Confused          |       |       |       |     4 |     3 ||     7
       Distracted        |       |       |       |     1 |       ||     1
Armor: Skin              |     4 |    25 |   101 |   111 |    59 ||   300
Dodge: Dodged            |    18 |    55 |   159 |   431 |   167 ||   830
